cohdb
Replays
Latest Replays
All Replays
Popular Replays
Top Player Replays
Match Explorer
How It Works
Community
CoH3 Stats
Reddit
Sign in to upload your games and track your stats! →
Sign in with Steam
Match 46035097
Unlisted
Match 46035097
Overview
Messages
Build Orders
End
Panzerpioneer Squad
250 Light Carrier
Panzergrenadier Squad
Construct Light Support Kompanie
Combat Half-tracks
Construct Mechanized Kompanie
Selects Panzerjäger Kommand Battlegroup
Selects Mine Fields
Selects Defensive Positions
MG34 Team
Panzerjäger Mechanized Group
8 Rad Armored Car
Vehicle Survival Package
Selects Tank Busters
Selects Crew Shock Tactics
Kampfstärke
BES2
rudyrydz
小学猫
Sherman-C
506767261
XIAOXU
Lucuze
0
0
Comments
sign in to comment!
No comments posted yet!